cohdb
Replays
Latest Replays
All Replays
Popular Replays
Top Player Replays
Match Explorer
How It Works
Community
CoH3 Stats
Reddit
Sign in to upload your games and track your stats! →
Sign in with Steam
Match 41210353
Unlisted
Match 41210353
Overview
Messages
Build Orders
End
Kradschützen Motorcycle Team
Panzergrenadier Squad
Panzergrenadier Squad
Construct Light Support Kompanie
2.5-tonne Medical Truck
Fire Support Elements
Selects Armored Support Battlegroup
le.IG 18 Support Gun Team
le.IG 18 Mechanized Group
Forward Retreat Point
Construct Panzerarmee Kommand
Armored Reserves
Selects Salvage Kits
Selects Panzer Storm
Panzergrenadier Squad
Veteran Squad Leaders
Panzer IV Assault Group
[HAN]Diederick Kastner
Celltus
Sir Culito
Peirithoos
A Rather Splendid Cromwell
TheKingOfGoats
TURBOMAN
I Was Made for Lovin’ You
0
0
Comments
sign in to comment!
No comments posted yet!